 Dungeon Crawl Stone Soup version 0.29.1-1-gd02db6906a (webtiles) character file.

Game seed: 5984632441944195924

133 GigaChad the Trooper (level 4, 0/42 HPs)
             Began as a Minotaur Fighter on Oct 4, 2022.
             Succumbed to an adder's poison
             ... in a sewer.
             The game lasted 00:06:03 (2445 turns).

GigaChad the Trooper (Minotaur Fighter)             Turns: 2445, Time: 00:06:04

Health: 0/42       AC:  8    Str: 22    XL:     4   Next: 94%
Magic:  3/3        EV:  9    Int:  5    God:
Gold:   169        SH:  4    Dex: 10    Spells: 3/3 levels left

rFire   . . .      SeeInvis .   a - +0 long sword
rCold   . . .      Faith    .   c - +0 buckler
rNeg    . . .      Spirit   .   b - +1 scale mail
rPois   .          Reflect  .   (helmet restricted)
rElec   .          Harm     .   (no cloak)
rCorr   .          Rampage  .   (no gloves)
Will    .....                   (no boots)
Stlth   ..........              (no amulet)
HPRegen 0.14/turn               (no ring)
MPRegen 0.08/turn               (no ring)

@: lethally poisoned (0 -> -2), very slow
A: horns 2, retaliatory headbutt
a: no special abilities


You were in a sewer.
You visited 1 branch of the dungeon, and saw 3 of its levels.
You also visited: Sewer.

You collected 169 gold pieces.

Inventory:

Hand Weapons
 a - a +0 long sword (weapon)
Missiles
 m - 3 poisoned darts (quivered)
Armour
 b - a +1 scale mail (worn)
 c - a +0 buckler (worn)
Jewellery
 k - a ring of poison resistance
Wands
 t - a wand of flame (26)
Scrolls
 e - a scroll of vulnerability {unknown}
 f - a scroll of enchant weapon {unknown}
 g - a scroll of acquirement {unknown}
 h - a scroll of teleportation
 q - 3 scrolls of identify {unknown}
 r - a scroll of summoning
Potions
 d - 2 potions of might
 i - 3 potions of curing {unknown}
 l - a potion of invisibility {unknown}
 n - a potion of resistance {unknown}
 o - a potion of heal wounds {unknown}
 p - a potion of ambrosia {unknown}
 s - a potion of brilliance {unknown}
 u - a potion of degeneration {unknown}


   Skills:
 - Level 5.5 Fighting
 - Level 2.4 Long Blades
 + Level 5.2 Armour
 - Level 3.8 Shields


You had 3 spell levels left.
You didn't know any spells.
Your spell library contained the following spells:

 Spells                   Type           Power      Damage    Failure   Level
 Slow                     Hex            0%         N/A       86%         1
 Confusing Touch          Hex            0%         N/A       99%         3
 Vampiric Draining        Necr           0%         2d6       99%         3


Dungeon Overview and Level Annotations

Branches:
Dungeon (3/15)              Sewer (1/1)

Altars:

Shops:
D:2 =


Innate Abilities, Weirdness & Mutations

You have a pair of horns on your head.
You reflexively headbutt those who attack you in melee.


Message History

The quokka closely misses you. You furiously retaliate!
You headbutt the quokka.
You kill the quokka!
The bullfrog hits you. The giant cockroach barely misses you.
Your unstable footing causes you to fumble your attack.
The bullfrog hits you but does no damage.
The adder bites you but does no damage. The bullfrog hits you.
* * * LOW HITPOINT WARNING * * *
The bullfrog barely misses you.
The giant cockroach bites you but does no damage.
The adder bites you.
* * * LOW HITPOINT WARNING * * *
You are poisoned.
The adder poisons you! The bullfrog barely misses you.
You closely miss the bullfrog.
The bullfrog is heavily wounded.
You feel sick. The bullfrog hits you.
* * * LOW HITPOINT WARNING * * *
The adder closely misses you.
The giant cockroach bites you but does no damage.
The bullfrog hits you but does no damage. x2
The adder bites you but does no damage. You block the giant cockroach's attack.
The bullfrog hits you.
* * * LOW HITPOINT WARNING * * *
Unknown command.
Unknown command.
Unknown command.
Unknown command.
As you read the scroll of immolation, it crumbles to dust.
The creatures around you are filled with an inner flame!
* * * LOW HITPOINT WARNING * * *
You feel sick.
The bullfrog hits you but does no damage. x2
You block the adder's attack. You block the bullfrog's attack.
The giant cockroach closely misses you.
Okay, then.
You are too injured to fight recklessly!
You barely miss the bullfrog.
The bullfrog is lightly wounded.
You die...

##.....÷........÷÷.÷.
#..~~~~~~~~~~~~~~~~~~
#.~~≈≈≈≈≈≈≈≈≈≈≈≈≈≈≈≈≈
#.~≈≈~~~~≈≈≈~~≈~~~~~~
#.~≈~~..~~~~≈≈~≈~~...
#.~≈~.~≈≈≈≈≈~~≈≈≈≈≈≈≈
#.~≈~.~≈≈≈≈≈≈≈≈≈≈≈≈≈~
#.~≈FS~≈≈≈≈~~~.≈≈≈≈≈≈
#~~≈@F~≈≈≈~~~~..~≈≈≈≈
#~~≈B~≈≈≈~≈≈.~~~?~≈≈≈
#.~≈~~~≈~≈≈~..~/$?.≈≈
#~~≈~≈≈~≈≈.~~.~?/..~≈
#~~≈≈≈≈≈≈≈~..~
#~~≈≈≈#≈≈~~∩~≈
#~~≈≈≈##≈≈≈~≈≈
#.~≈≈≈# ##≈≈≈≈
#.~≈≈~#


You could see 2 bullfrogs, an adder (inner flame) and a giant cockroach (inner
flame).

Vanquished Creatures
  3 adders
  6 worms
  2 dart slugs
  4 bats
  7 endoplasms
  10 giant cockroaches
  4 goblins
  5 hobgoblins
  2 jackals (D:2)
  3 kobolds
  5 quokkas
  12 ball pythons
  18 frilled lizards
  5 rats
86 creatures vanquished.

Notes
Turn   | Place    | Note
-------+----------+-------------------------------------------
     0 | D:1      | GigaChad the Minotaur Fighter began the quest for the Orb.
     0 | D:1      | Reached XP level 1. HP: 19/19 MP: 0/0
   342 | D:1      | Reached XP level 2. HP: 27/27 MP: 1/1
   760 | D:2      | Found Kemny's Jewellery Emporium.
   844 | D:2      | Reached XP level 3. HP: 24/35 MP: 2/2
   850 | D:2      | Reached skill level 5 in Fighting
  1247 | D:2      | Found a faded altar of an unknown god.
  1765 | D:3      | Reached XP level 4. HP: 42/42 MP: 3/3
  2072 | D:3      | Found a glowing drain.
  2169 | Sewer    | Entered a sewer
  2356 | Sewer    | Reached skill level 5 in Armour
  2430 | Sewer    | Noticed a bullfrog
  2435 | Sewer    | Noticed a bullfrog
  2443 | Sewer    | HP: 2/42 [bullfrog (1)]
  2445 | Sewer    | Succumbed to an adder's poison

Illustrated notes

Levels and vault maps discovered:
D:1:      amcnicky_arrival_gap_in_the_tavern_cellar, layout_basic,
          nicolae_wormholes
D:2:      layout_loops_ring, serial_shops, nicolae_shop_hallway_stairs,
          shapermc_ecumenical_altar_ellora, nicolae_kite_square_tiling_tiny
D:3:      layout_rooms, portal_sewer_entry_e, kennysheep_nub,
          hangedman_decor_points
Sewer:    sewer_frog_island_01

Skill      XL: |  1  2  3  4 |
---------------+-------------+-----
Armour         | 4 5 |  5.2
Fighting       | 4 5 |  5.5
Long Blades    | |  2.4
Shields        | |  3.8

Action                   |  1- 3 |  4- 6 || total
-------------------------+-------+-------++-------
Melee: Long sword        |    95 |   116 ||   211
       Headbutt          |    14 |    11 ||    25
Evoke: Wand              |       |     1 ||     1
  Use: Scroll            |     6 |     1 ||     7
Armor: Scale mail        |    54 |   118 ||   172
Dodge: Dodged            |    45 |   103 ||   148
Block: Buckler           |    23 |    56 ||    79
